 Dungeon Crawl Stone Soup version 0.18-a0-912-g81d1dc4 (webtiles) character file.

100561 George the Bludgeoner (level 16, -5/104 HPs)
             Began as a Gargoyle Fighter on Dec 25, 2015.
             Was the Champion of Okawaru.
             Slain by a very large slime creature (32 damage)
             ... on level 4 of the Swamp.
             The game lasted 01:26:33 (25498 turns).

George the Bludgeoner (Gargoyle Fighter)           Turns: 25498, Time: 01:26:33

Health: -5/104     AC: 41    Str: 21    XL:     16   Next: 28%
Magic:  23/23      EV: 12    Int: 10    God:    Okawaru [******]
Gold:   3072       SH: 14    Dex: 22    Spells: 2 memorised, 11 levels left

rFire  + + .     SeeInvis +     z - +11 eveningstar "Buips" {crush, rElec MR- Dex+6}
rCold  + + .     Gourm    .     G - +3 plate armour {rC+}
rNeg   + . .     Faith    .     c - +0 shield
rPois  ∞         Spirit   .     y - +1 helmet
rElec  +         Dismiss  .     O - +0 cloak
rCorr  .         Reflect  .     t - +3 pair of gauntlets of War {Slay+5}
SustAt .         Harm     .     C - +0 pair of boots of the Saviour {rF+ rC+}
MR     ++...     NoTele   +     E - amulet of regeneration
Stlth  ..........               H - ring "Fampag" {-Tele rPois rF+ MR++ Dex+2}
                                a - ring of see invisible

@: flying, very resistant to hostile enchantments, extremely unstealthy
A: big wings, negative energy resistance 1, electricity resistance, unbreathing,
petrification resistance, rot immunity, AC +11
a: Stop Flying, Heroism, Finesse, Renounce Religion


You were on level 4 of the Swamp.
You worshipped Okawaru.
Okawaru was exalted by your worship.
You were not hungry.

You visited 5 branches of the dungeon, and saw 27 of its levels.
You also visited: Trove, Ossuary and Volcano.

You collected 3587 gold pieces.
You spent 515 gold pieces at shops.

Inventory:

Hand Weapons
 z - the +11 eveningstar "Buips" (weapon) {crush, rElec MR- Dex+6}
   (Okawaru gifted it to you on level 3 of the Swamp)

   It inflicts extra damage upon your enemies.
   It affects your dexterity (+6).
   It insulates you from electricity.
   It affects your resistance to hostile enchantments.
Armour
 c - a +0 shield (worn)
 t - the +3 pair of gauntlets of War (worn) {Slay+5}
   (You found it on level 6 of the Lair of Beasts)

   It affects your accuracy and damage with ranged weapons and melee attacks
   (+5).
 y - a +1 helmet (worn)
 C - the +0 pair of boots of the Saviour (worn) {rF+ rC+}
   (You found it in a treasure trove)

   It protects you from fire.
   It protects you from cold.
 G - a +3 plate armour of cold resistance (worn)
 O - a +0 cloak (worn)
Jewellery
 a - a ring of see invisible (left hand)
 D - an uncursed ring of protection from cold
 E - an amulet of regeneration (around neck)
 H - the ring "Fampag" (right hand) {-Tele rPois rF+ MR++ Dex+2}
   (You found it on level 2 of the Lair of Beasts)

   [ring of protection from fire]

   It affects your dexterity (+2).
   It protects you from fire.
   It protects you from poison.
   It affects your resistance to hostile enchantments.
   It prevents most forms of teleportation.
 J - an uncursed ring of protection from fire
 T - an uncursed ring of protection from magic
Wands
 e - a wand of fire (4/15)
 g - a wand of draining (9/15)
 V - a wand of cold (5/15)
Scrolls
 i - 15 scrolls of remove curse
 n - a scroll of fog
 v - 3 scrolls of recharging
 w - 2 scrolls of teleportation
 x - 8 scrolls of immolation
 F - 19 scrolls of identify
 L - 4 scrolls of magic mapping
 M - 2 scrolls of enchant armour
 Q - 3 scrolls of blinking
 Y - a scroll of acquirement
 Z - 6 scrolls of enchant weapon
Potions
 d - 8 potions of might
 h - 2 potions of haste
 j - 12 potions of curing
 l - 8 potions of flight
 r - 4 potions of magic
 B - 3 potions of invisibility
 K - 4 potions of berserk rage
 N - 3 potions of heal wounds
 P - 2 potions of cancellation
 S - a potion of resistance
Miscellaneous
 b - a disc of storms
 o - a phantom mirror
 u - a lamp of fire
Comestibles
 f - 19 bread rations
 k - 10 meat rations
 A - 5 beef jerkies
 R - 3 slices of pizza
 W - 2 fruits
 X - 18 royal jellies


   Skills:
 + Level 13.4 Fighting
 + Level 15.2 Maces & Flails
 + Level 13.6 Armour
 + Level 7.0 Dodging
 + Level 13.2 Shields
 - Level 10.0 Invocations


You had 11 spell levels left.
You knew the following spells:

 Your Spells              Type           Power        Failure   Level  Hunger
a - Regeneration          Chrm/Necr      #.........   100%        3    ####...
b - Summon Butterflies    Summ           #.......     100%        1    ##.....


Dungeon Overview and Level Annotations

Branches:
Dungeon (12/15)            Temple (1/1) D:6            Lair (8/8) D:11
  Swamp (4/4) Lair:6        Snake (0/4) Lair:6        Slime (0/6) Lair:7
    Orc (2/2) D:12            Elf (0/3) Orc:2

Altars:
Ashenzari
Cheibriados
Dithmenos
Elyvilon
Fedhas
Gozag
Kikubaaqudgha
Makhleb
Nemelex Xobeh
Okawaru
Pakellas
Qazlal
Ru
Sif Muna
Trog
Vehumet
Xom
Yredelemnul
Zin
The Shining One
Beogh

Shops:
D:8 [[**   Orc:2 (*![

Annotations:
Lair:6 exclusion: oklob plant


Innate Abilities, Weirdness & Mutations

You are resistant to torment.
Your stone body is resilient (AC +11).
You are immune to poison.
Your large and strong wings let you fly indefinitely.
You resist negative energy.
You are resistant to electric shocks.
You can survive without breathing.
You are immune to petrification.
You are immune to rotting.


Message History

You puncture the thorn hunter!
The thorn hunter is almost destroyed.
The insubstantial wisp blinks!
The thorn hunter barely misses you. The thorn hunter closely misses you.
The insubstantial wisp barely misses you.
You block the insubstantial wisp's attack.
The thorn hunter fires a volley of thorns at you.
The volley of thorns hits you!
Drink which item? (? for menu, Esc to quit)
Okay, then.
A large slime creature splits.
The insubstantial wisp barely misses you.
The thorn hunter fires a volley of thorns at you.
The volley of thorns hits you!
You bludgeon the thorn hunter!!
You destroy the thorn hunter!
Your Dodging skill increases to level 7!
You block the insubstantial wisp's attack.
The very large slime creature hits you!!
You die...

≈♣ ≈≈≈≈≈≈...≈ .♣
≈≈≈≈≈≈≈.≈♣ ≈≈
≈P≈.≈≈≈.♣♣♣ .♣ .≈≈..
P.≈≈≈≈..♣♣♣♣♣ ♣♣
≈.≈≈≈ ♣≈v≈≈≈.≈≈≈≈≈ ♣
≈≈≈≈≈♣ ♣♣≈≈≈≈..≈.≈≈ ♣
≈§≈≈≈≈ ♣≈≈v...≈≈.≈. ♣
....≈≈♣♣♣♣vvJ≈≈...§§≈
♣
..(≈..≈.♣≈≈J@J..≈.≈≈≈
.§≈≈≈≈≈PP♣♣♣♣♣≈...≈≈≈
≈≈≈≈≈≈≈P♣♣ ♣♣♣.≈≈≈ .
≈≈≈≈≈...♣♣♣♣♣♣ ..≈≈
..
..≈≈≈♣♣≈≈♣..≈♣♣♣♣≈♣≈.
.♣ ≈≈≈≈
♣.......≈≈..≈♣♣ ♣ .≈≈
♣§≈≈.≈≈≈≈≈.≈≈≈ ♣♣ ≈≈
♣♣.≈...≈≈..≈# ≈≈ ♣
♣♣♣♣≈.≈#♣≈♣#


You could see a very large slime creature, 2 slime creatures and 4 insubstantial
wisps.

Vanquished Creatures
  A thorn hunter (Swamp:4)
  Donald (Swamp:3)
  An orc warlord (Orc:2)
  A red draconian (Volcano)
  Snorg (Lair:8)
  A fire dragon (Lair:8)
  2 ghost crabs
  Erica (D:8)
  3 alligators (Swamp:2)
  16 hydras
  A queen ant (Lair:6)
  4 orc high priests (Orc:2)
  Nergalle (D:12)
  Urug (D:11)
  2 spriggan druids
  A shambling mangrove (Swamp:2)
  Pikel (D:7)
  A lindwurm (Lair:8)
  7 swamp dragons
  A deep elf mage (D:11)
  A hill giant (D:10)
  4 orc knights
  2 griffons
  5 orc sorcerers
  A wolf spider (Lair:8)
  3 hornets
  9 black mambas
  An ugly thing (D:12)
  3 elephants (Lair:5)
  18 spiny frogs
  2 gargoyles
  A kobold demonologist (D:12)
  3 centaur skeletons
  Psyche (D:8)
  6 torpor snails (Lair:8)
  5 komodo dragons
  A guardian serpent (Lair:8)
  A fire drake (Lair:1)
  A queen bee (Lair:5)
  5 trolls
  5 giant leeches
  5 two-headed ogres
  4 bog bodies
  10 slime creatures (Swamp:2)
  10 blink frogs
  3 spriggans
  2 wyverns (Lair:8)
  35 yaks
  8 hippogriffs
  A wraith (D:11)
  6 basilisks
  26 wolves
  5 vampire mosquitoes
  6 nagas (Lair:6)
  9 insubstantial wisps
  4 wargs
  20 swamp worms
  20 soldier ants (Lair:6)
  18 water moccasins
  A black bear (D:7)
  An eye of draining (Lair:7)
  12 porcupines
  2 ice beasts
  42 orc warriors
  19 wasps
  8 swamp drakes
  3 phantoms
  21 ogres
  2 necrophages (D:10)
  11 centaurs
  2 big kobolds (D:12)
  14 crocodiles
  2 elf zombies (Ossuary)
  14 giant frogs
  2 scorpions (D:4)
  30 killer bees
  6 crimson imps
  2 electric eels
  2 centaur zombies
  5 jellies
  28 orc priests
  A giant frog zombie (D:7)
  5 hounds
  2 human zombies (Ossuary)
  7 iguanas
  19 orc wizards
  30 worker ants
  11 sheep
  2 mummies (Ossuary)
  Robin (D:2)
  23 adders
  3 gnolls (D:2)
  67 river rats
  A shadow imp (D:12)
  4 adder zombies
  7 oozes
  24 worms
  3 adder skeletons
  7 giant geckos
  112 orcs
  3 ball pythons
  6 giant cockroaches
  13 goblins
  15 hobgoblins
  8 jackals
  5 quokkas
  9 bats
  7 giant newts
  9 hobgoblin zombies (Ossuary)
  A jackal zombie (Ossuary)
  14 kobolds
  7 kobold zombies (Ossuary)
  10 orc zombies (Ossuary)
  A quokka zombie (D:5)
  9 rats
  3 rat zombies
996 creatures vanquished.

Vanquished Creatures (others)
  A hydra (Swamp:4)
  2 wolves (Lair:7)
  An orc priest (Orc:2)
  A hound (D:7)
  17 fungi
  18 plants
40 creatures vanquished.

Grand Total: 1036 creatures vanquished

Notes
Turn   | Place    | Note
--------------------------------------------------------------
     0 | D:1      | George the Gargoyle Fighter began the quest for the Orb.
     0 | D:1      | Reached XP level 1. HP: 14/14 MP: 1/1
   107 | D:1      | Reached XP level 2. HP: 14/19 MP: 2/2
   646 | D:1      | Reached XP level 3. HP: 23/23 MP: 3/3
  1001 | D:2      | Found a sparkling altar of Nemelex Xobeh.
  1225 | D:2      | Reached skill level 4 in Maces & Flails
  1225 | D:2      | Reached XP level 4. HP: 12/28 MP: 4/4
  1596 | D:2      | Found a sparkling altar of Nemelex Xobeh.
  1603 | D:2      | Noticed Robin
  1627 | D:2      | Killed Robin
  1692 | D:2      | Reached skill level 5 in Maces & Flails
  1758 | D:2      | Reached XP level 5. HP: 32/32 MP: 5/5
  2555 | D:3      | Reached skill level 6 in Maces & Flails
  2581 | D:3      | Reached XP level 6. HP: 11/37 MP: 6/6
  3272 | D:4      | Reached skill level 7 in Maces & Flails
  3405 | D:4      | Reached XP level 7. HP: 35/41 MP: 7/7
  3410 | D:4      | Found a sacrificial altar of Ru.
  3851 | D:5      | Entered Level 5 of the Dungeon
  3870 | D:5      | Reached skill level 8 in Maces & Flails
  3921 | D:5      | Found a shattered altar of Ashenzari.
  3939 | D:5      | Found a sand-covered staircase.
  3965 | Ossuary  | Entered an ossuary
  4366 | Ossuary  | HP: 1/41 [elf zombie (4)]
  4606 | Ossuary  | Reached skill level 9 in Maces & Flails
  4606 | Ossuary  | Reached XP level 8. HP: 14/46 MP: 8/8
  5324 | D:6      | Found an iron altar of Okawaru.
  5437 | D:6      | Reached skill level 10 in Maces & Flails
  5471 | D:6      | Found a staircase to the Ecumenical Temple.
  5512 | Temple   | Entered the Ecumenical Temple
  6062 | D:6      | Found a glowing silver altar of Zin.
  6112 | D:6      | Found a glowing golden altar of the Shining One.
  6189 | D:6      | Became a worshipper of Warmaster Okawaru
  6625 | D:7      | Noticed a moth of wrath
  6662 | D:7      | Reached skill level 1 in Invocations
  6675 | D:7      | Found a bloodstained altar of Trog.
  6805 | D:7      | Reached XP level 9. HP: 39/52 MP: 10/10
  7289 | D:7      | Found a blossoming altar of Fedhas.
  7292 | D:7      | Found an ancient bone altar of Kikubaaqudgha.
  7302 | D:7      | Reached * piety under Okawaru
  7431 | D:7      | Noticed Pikel
  7470 | D:7      | Killed Pikel
  7470 | D:7      | Reached skill level 11 in Maces & Flails
  7602 | D:8      | Found Vopn's Antique Armour Emporium.
  7697 | D:8      | Reached skill level 5 in Armour
  7697 | D:8      | Reached skill level 5 in Shields
  7769 | D:8      | Found Woynkuk's Assorted Antiques.
  7777 | D:8      | Bought an ivory ring for 100 gold pieces
  7864 | D:8      | Noticed Erica
  7875 | D:8      | Killed Erica
  7875 | D:8      | Reached ** piety under Okawaru
  7875 | D:8      | Reached skill level 5 in Fighting
  7875 | D:8      | Reached XP level 10. HP: 57/59 MP: 13/13
  7920 | D:8      | Found Doeteokh's Assorted Antiques.
  7947 | D:8      | Found Birecvof's Antique Armour Shoppe.
  7956 | D:8      | Learned a level 3 spell: Regeneration
  7962 | D:8      | Bought a pair of runed boots for 135 gold pieces
  8219 | D:8      | Noticed Psyche
  8232 | D:8      | Killed Psyche
  8232 | D:8      | Reached *** piety under Okawaru
  8464 | D:8      | Bought a forked silver wand for 80 gold pieces
  8464 | D:8      | Bought a scroll labeled GICICLAATT for 20 gold pieces
  8543 | D:9      | Found a burning altar of Makhleb.
  8771 | D:9      | You fall through a shaft for 2 floors!
  8771 | D:11     | Noticed a deep elf mage
  8785 | D:11     | Killed a deep elf mage
  8785 | D:11     | Reached skill level 5 in Invocations
  8811 | D:10     | Entered Level 10 of the Dungeon
  8811 | D:10     | Noticed a hill giant
  8826 | D:10     | Killed a hill giant
  8826 | D:10     | Reached **** piety under Okawaru
  9101 | D:10     | Reached ***** piety under Okawaru
  9186 | D:10     | Reached XP level 11. HP: 62/66 MP: 15/15
  9662 | D:10     | Received a gift from Okawaru
  9966 | D:11     | Reached skill level 12 in Maces & Flails
 10053 | D:11     | Noticed Urug
 10065 | D:11     | Killed Urug
 10065 | D:11     | Received a gift from Okawaru
 10066 | D:11     | Got a pair of faintly glowing gloves {god gift}
 10105 | D:11     | Found a portal to a secret trove of treasure.
 10232 | D:10     | Identified the +0 pair of gloves of the Harvest {Str+7 Stlth+} (Okawaru gifted it to you on level 11 of the Dungeon)
 10726 | Trove    | Entered a treasure trove
 10739 | Trove    | Got a pair of pitted boots
 10807 | D:11     | Identified the +0 pair of boots of the Saviour {rF+ rC+} (You found it in a treasure trove)
 10938 | D:11     | Found a staircase to the Lair.
 11001 | Lair:1   | Entered Level 1 of the Lair of Beasts
 11026 | Lair:1   | Identified a scroll of acquirement
 11084 | Lair:1   | Noticed a five-headed hydra
 11088 | Lair:1   | Noticed an eight-headed hydra
 11098 | Lair:1   | Killed an eight-headed hydra
 11098 | Lair:1   | Reached XP level 12. HP: 56/75 MP: 17/17
 11117 | Lair:1   | Found a dark tunnel.
 11132 | Volcano  | Entered a volcano
 11151 | Volcano  | Found a burning altar of Makhleb.
 11152 | Volcano  | Noticed a red draconian
 11180 | Volcano  | Killed a red draconian
 11738 | Lair:1   | Killed a five-headed hydra
 12331 | Lair:2   | Got a pitted glass ring
 12333 | Lair:2   | Identified the ring "Fampag" {-Tele rPois rF+ MR++ Dex+2} (You found it on level 2 of the Lair of Beasts)
 12776 | Lair:2   | Noticed an eight-headed hydra
 12784 | Lair:2   | Killed an eight-headed hydra
 13921 | Lair:3   | Received a gift from Okawaru
 13962 | Lair:3   | Reached skill level 13 in Maces & Flails
 14054 | Lair:4   | Reached skill level 10 in Armour
 14223 | Lair:4   | Reached XP level 13. HP: 44/81 MP: 19/19
 14421 | Lair:4   | Reached skill level 10 in Shields
 14449 | Lair:4   | Reached skill level 10 in Fighting
 15895 | Lair:6   | Reached skill level 10 in Invocations
 15907 | Lair:6   | Found a staircase to the Snake Pit.
 16029 | Lair:6   | Received a gift from Okawaru
 16074 | Lair:6   | Found a staircase to the Swamp.
 16149 | Lair:6   | Reached skill level 1 in Dodging
 16314 | Lair:6   | Received a gift from Okawaru
 17025 | Lair:7   | Found a staircase to the Slime Pits.
 17048 | Lair:7   | You fall through a shaft!
 17048 | Lair:8   | Entered Level 8 of the Lair of Beasts
 17057 | Lair:8   | Noticed Snorg
 17093 | Lair:8   | Killed Snorg
 17093 | Lair:8   | Gained mutation: Your large and strong wings let you fly indefinitely. [Gargoyle growth]
 17093 | Lair:8   | Reached XP level 14. HP: 46/88 MP: 15/21
 17745 | Lair:8   | Received a gift from Okawaru
 17808 | Lair:8   | Reached skill level 14 in Maces & Flails
 18143 | Lair:8   | Found a runed door.
 19614 | D:12     | Noticed Nergalle
 19647 | D:12     | Killed Nergalle
 19854 | D:12     | Found a staircase to the Orcish Mines.
 20361 | Orc:1    | Entered Level 1 of the Orcish Mines
 20709 | Orc:2    | Entered Level 2 of the Orcish Mines
 20909 | Orc:2    | Reached XP level 15. HP: 96/96 MP: 22/22
 21031 | Orc:2    | Reached skill level 5 in Dodging
 21146 | Orc:2    | Reached ****** piety under Okawaru
 21158 | Orc:2    | Found a roughly hewn altar of Beogh.
 21268 | Orc:2    | Found Maiv's Antique Weapon Emporium.
 21294 | Orc:2    | Found Woima's Assorted Antiques.
 21308 | Orc:2    | Bought a silver ring for 180 gold pieces
 22021 | Orc:2    | Found a staircase to the Elven Halls.
 22231 | Orc:2    | Got a ring of the Octopus King
 22233 | Orc:2    | Identified a ring of the Octopus King {AC+1 EV+1 Str+1 Int+1 Dex+1 Stlth+} (You found it on level 2 of the Orcish Mines)
 22320 | Orc:2    | Received a gift from Okawaru
 22430 | Orc:2    | Found a roughly hewn altar of Beogh.
 22446 | Orc:2    | Found Kofinut's Distillery.
 22531 | Orc:2    | Found Qamit's Armour Emporium.
 23022 | Swamp:1  | Entered Level 1 of the Swamp
 23282 | Swamp:1  | You are sucked into a shaft!
 23498 | Swamp:1  | Found a sparkling altar of Nemelex Xobeh.
 24505 | Swamp:3  | Learned a level 1 spell: Summon Butterflies
 24634 | Swamp:3  | Noticed Donald
 24658 | Swamp:3  | Killed Donald
 24658 | Swamp:3  | Received a gift from Okawaru
 24659 | Swamp:3  | Got a smoking eveningstar {god gift}
 24665 | Swamp:3  | Identified the +11 eveningstar "Buips" {crush, rElec MR- Dex+6} (Okawaru gifted it to you on level 3 of the Swamp)
 25119 | Swamp:4  | Entered Level 4 of the Swamp
 25153 | Swamp:4  | Reached skill level 15 in Maces & Flails
 25307 | Swamp:4  | Reached XP level 16. HP: 92/104 MP: 23/23
 25324 | Swamp:4  | Received a gift from Okawaru
 25481 | Swamp:4  | Noticed a thorn hunter
 25498 | Swamp:4  | Killed a thorn hunter
 25498 | Swamp:4  | Slain by a very large slime creature

Vault maps used:
D:1:      enne_arrival_octagon_isle
D:2:      kennysheep_six_static_rooms, nicolae_overflow_crystal_walls,
          first_bread, nemelex_lonely_heart_becter, uniq_robin
D:4:      old_forge, lemuel_crystal_altar, nicolae_ru_sacrificial_ziggurat,
          uniq_blork_the_orc
D:5:      basic_altar, lightli_sewer_entry_pipes, enter_ossuary_4
D:6:      tso_oasis_becter, lemuel_round_altar, lemuel_doored_altar,
          minmay_temple_entry_overgrown
D:7:      grunt_temple_overflow_growth_and_decay, tgw_trog, uniq_pikel
D:8:      serial_shops, kennysheep_mini, nicolae_shop_statue_plus, shop,
          nicolae_shop_crystal, hangedman_little_slice_of_home, uniq_erica,
          uniq_psyche
D:9:      eino_curves_01, moated_statue, bloody_makhleb
D:10:     nrook_pool_corridor
D:11:     lair_0_dummy, nicolae_trove_entry_crossroad, serial_park_tiny_1,
          uniq_urug
D:12:     hiddenorc1_lemuel, minivault_1, uniq_nergalle
Temple:   dpeg_five_rooms_temple_12
Lair:1:   enter_volcano_3
Lair:2:   infiniplex_staircase_pool_2, serial_bayou_shore_b, grunt_megastairs_3
Lair:3:   infiniplex_staircase_pool
Lair:6:   swamp_mist_pool, minmay_snake_entry_guardpost_medium, minivault_29
Lair:7:   minmay_slime_entry_eyes
Lair:8:   hangedman_lair_tendril_chambers, wormcave, uniq_snorg
Swamp:1:  basic_altar
Swamp:2:  hangedman_swamp_diagram
Swamp:3:  serial_swamp_ruin, evilmike_swamp_ruin_house_1,
          evilmike_swamp_ruin_wall, uniq_donald
Swamp:4:  swamp_alternative
Orc:2:    pubby_orc_utopia
Trove:    trove_simple
Ossuary:  ossuary_tomb_1
Volcano:  kennysheep_volcano_temple

Action                   |  1- 3 |  4- 6 |  7- 9 | 10-12 | 13-15 | 16-18 || total
-------------------------+-------+-------+-------+-------+-------+-------++-------
Melee: Flail             |   141 |   374 |   486 |       |       |       ||  1001
       Morningstar       |       |       |    97 |   810 |  1972 |       ||  2879
       Eveningstar       |       |       |       |       |    70 |    87 ||   157
Invok: Heroism           |       |       |       |     1 |     2 |       ||     3
       Finesse           |       |       |       |       |     2 |       ||     2
 Abil: Fly               |       |       |       |       |     2 |       ||     2
Evoke: Wand              |       |       |     3 |     3 |       |       ||     6
  Use: Scroll            |       |    15 |     6 |    11 |     3 |       ||    35
       Potion            |       |       |       |       |     1 |       ||     1
 Stab: Confused          |       |       |       |       |       |     2 ||     2
  Eat: Chunk             |     1 |     8 |    14 |    20 |    39 |     1 ||    83
       Pizza             |       |       |     1 |     1 |       |       ||     2
